 Dungeon Crawl Stone Soup version 0.29.1-2-gbd0b4ee654 (webtiles) character file.

Game seed: 14532676457944960322

181285 Peloso the Fencer (level 17, -4/166 HPs)
             Began as a Minotaur Fighter on Nov 6, 2022.
             Was the Champion of Okawaru.
             Slain by a cyan very ugly thing (23 damage)
             ... on level 1 of the Elven Halls.
             The game lasted 02:01:22 (49602 turns).

Peloso the Fencer (Minotaur Fighter)               Turns: 49602, Time: 02:01:23

Health: -4/166     AC: 31    Str: 33      XL:     17   Next: 67%
Magic:  27/27      EV: 10    Int:  3 (7)  God:    Okawaru [******]
Gold:   3706       SH: 22    Dex: 15      Spells: 16/16 levels left

rFire   + + .      SeeInvis +   a - +5 double sword (vorpal)
rCold   + + +      Faith    .   k - +2 shield of Resistance {rF++ rC++ Will++}
rNeg    . . .      Spirit   .   v - +5 plate armour of Vaongaq {rF- Str+3 SInv}
rPois   +          Reflect  +   P - +2 hat
rElec   .          Harm     .   F - scarf {rC+ rF+}
rCorr   .          Rampage  .   e - +2 pair of gloves
Will    ++++.                   S - +0 pair of boots {Fly}
Stlth   ..........              w - amulet of reflection
HPRegen 0.37/turn               q - ring of Xom's Full Attention {rPois MP+9 Dex+2 Slay+3 Stlth+}
MPRegen 0.20/turn               Q - ring "Kuigacs" {Will+ Str+4 Int+2}

@: flying, studying Summonings
A: horns 2, retaliatory headbutt
a: Renounce Religion, Heroism, Finesse, Duel


You were on level 1 of the Elven Halls.
You worshipped Okawaru.
Okawaru was exalted by your worship.
You visited 5 branches of the dungeon, and saw 26 of its levels.
You also visited: Bailey, Gauntlet and Ice Cave.

You collected 4973 gold pieces.
You spent 1267 gold pieces at shops.

Inventory:

Hand Weapons
 a - a +5 vorpal double sword (weapon)
 c - a +4 scimitar of flaming
 l - a +3 double sword of holy wrath
Missiles
 o - a throwing net (quivered)
Armour
 e - a +2 pair of gloves (worn)
 f - the +4 tower shield "Eshoxt" {rElec rPois Will+}
   (Okawaru gifted it to you on level 1 of the Elven Halls)

   rElec:     It insulates you from electricity.
   rPois:     It protects you from poison.
   Will:      It increases your willpower.
 k - the +2 shield of Resistance (worn) {rF++ rC++ Will++}
   (Okawaru gifted it to you on level 15 of the Dungeon)

   rF:        It greatly protects you from fire.
   rC:        It greatly protects you from cold.
   Will:      It greatly increases your willpower.
 v - the +5 plate armour of Vaongaq (worn) {rF- Str+3 SInv}
   (Okawaru gifted it to you on level 13 of the Dungeon)

   Str:       It affects your strength (+3).
   rF:        It makes you vulnerable to fire.
   SInv:      It lets you see invisible.
 F - a scarf of resistance (worn)
 P - a +2 hat (worn)
 S - a +0 pair of boots of flying (worn)
Jewellery
 g - a ring of willpower
 j - a +4 ring of evasion
 n - a ring of protection from fire
 p - a +6 ring of intelligence
 q - the ring of Xom's Full Attention (left hand) {rPois MP+9 Dex+2 Slay+3 Stlth+}
   (You bought it in a shop on level 9 of the Dungeon)

   [ring of poison resistance]

   Dex:       It affects your dexterity (+2).
   Slay:      It affects your accuracy & damage with ranged weapons and melee
   (+3).
   rPois:     It protects you from poison.
   MP:        It affects your magic capacity (+9).
   Stlth:     It makes you more stealthy.
 s - a ring of willpower
 w - an amulet of reflection (around neck)
 L - an amulet of regeneration
 Q - the ring "Kuigacs" (right hand) {Will+ Str+4 Int+2}
   (You found it in a Gauntlet)

   [ring of willpower]

   Str:       It affects your strength (+4).
   Int:       It affects your intelligence (+2).
   Will:      It increases your willpower.
Wands
 H - a wand of digging (4)
Scrolls
 b - 2 scrolls of magic mapping
 h - a scroll of enchant armour
 i - 7 scrolls of noise
 y - 3 scrolls of immolation
 E - 3 scrolls of poison
 G - 2 scrolls of teleportation
 U - a scroll of blinking
 Z - a scroll of acquirement
Potions
 d - 7 potions of might
 m - 3 potions of mutation
 r - 8 potions of invisibility
 z - 3 potions of berserk rage
 A - 4 potions of resistance
 K - 5 potions of curing
 N - 3 potions of haste
 T - a potion of heal wounds
Miscellaneous
 t - a lightning rod (4/4)


   Skills:
 + Level 18.8 Fighting
 + Level 20.0 Long Blades
 + Level 0.6 Axes
 + Level 4.5 Throwing
 + Level 19.5 Armour
 + Level 3.5 Dodging
 + Level 2.8 Stealth
 + Level 18.2 Shields
 + Level 3.5 Invocations
 + Level 0.8 Evocations


You had 16 spell levels left.
You didn't know any spells.
Your spell library contained the following spells:

 Spells                   Type           Power      Damage    Failure   Level
 Apportation              Tloc           0%         N/A       98%         1
 Foxfire                  Conj/Fire      0%         2x1d4     98%         1
 Necrotise                Necr           0%         1d4       98%         1
 Sandblast                Erth           0%         2d4       98%         1
 Sting                    Tmut/Pois      0%         1d3       98%         1
 Blink                    Tloc           0%         N/A       99%         2
 Static Discharge         Conj/Air       0%         3-3/arc   99%         2
 Sublimation of Blood     Necr           0%         N/A       99%         2
 Wereblood                Tmut           0%         N/A       99%         2
 Confusing Touch          Hex            0%         N/A       100%        3
 Conjure Flame            Conj/Fire      0%         6-21      100%        3
 Frozen Ramparts          Ice            0%         1d1       100%        3
 Ignite Poison            Fire/Tmut/Pois 0%         N/A       100%        3
 Inner Flame              Hex/Fire       0%         N/A       100%        3
 Lesser Beckoning         Tloc           0%         N/A       100%        3
 Mephitic Cloud           Conj/Pois/Air  0%         N/A       100%        3
 Ozocubu's Armour         Ice            0%         N/A       100%        3
 Stone Arrow              Conj/Erth      0%         3d7       100%        3
 Vampiric Draining        Necr           0%         2d6       100%        3
 Airstrike                Air            0%         2d(0-16)  100%        4
 Flame Wave               Conj/Fire      0%         2d4       100%        4
 Ice Form                 Ice/Tmut       0%         N/A       100%        4
 Petrify                  Tmut/Erth      0%         N/A       100%        4
 Agony                    Necr           0%         N/A       100%        5
 Borgnjor's Vile Clutch   Necr/Erth      0%         N/A       100%        5
 Freezing Cloud           Conj/Ice/Air   0%         6-21      100%        5
 Irradiate                Conj/Tmut      0%         3d11      100%        5
 Iskenderun's Battlesphe  Conj           0%         2d6       100%        5
 Lee's Rapid Deconstruct  Erth           0%         3d5*      100%        5
 Lightning Bolt           Conj/Air       0%         1d11      100%        5
 Manifold Assault         Tloc           0%         N/A       100%        5
 Metabolic Englaciation   Hex/Ice        0%         N/A       100%        5
 Yara's Violent Unravell  Hex/Tmut       0%         3d3       100%        5
 Conjure Ball Lightning   Conj/Air       0%         3x3d6     100%        6
 Eringya's Noxious Bog    Tmut/Pois      0%         N/A       100%        6
 Iron Shot                Conj/Erth      0%         9d1       100%        6
 Dragon Form              Tmut           0%         N/A       100%        7
 Enfeeble                 Hex            0%         N/A       100%        7
 Storm Form               Tmut/Air       0%         N/A       100%        7
 Borgnjor's Revivificati  Necr           0%         N/A       100%        8
 Maxwell's Capacitive Co  Air            0%         ∞         100%        8
 Necromutation            Tmut/Necr      0%         N/A       100%        8
 Death's Door             Necr           0%         N/A       100%        9
 Summon Small Mammal      Summ           Unusable   N/A       N/A         1
 Summon Ice Beast         Ice/Summ       Unusable   N/A       N/A         4
 Summon Lightning Spire   Summ/Air       Unusable   N/A       N/A         4
 Summon Forest            Summ/Tloc      Unusable   N/A       N/A         5
 Simulacrum               Ice/Necr       Unusable   N/A       N/A         6
 Spellforged Servitor     Conj/Summ      Unusable   N/A       N/A         7
 Summon Hydra             Summ           Unusable   N/A       N/A         7

Dungeon Overview and Level Annotations

Branches:
Dungeon (15/15)            Temple (1/1) D:7            Lair (5/5) D:11
  Swamp (0/4) Lair:2       Spider (0/4) Lair:2        Slime (0/5) Lair:4
    Orc (2/2) D:11            Elf (3/3) Orc:2        Vaults (0/5) D:14
 Depths (0/4) D:15         Bailey (visited)           IceCv (visited)
Gauntlet (visited)

Altars:
Ashenzari
Fedhas
Gozag
Hepliaklqana
Kikubaaqudgha
Makhleb
Nemelex Xobeh
Okawaru
Qazlal
Ru
Sif Muna
Trog
Uskayaw
Vehumet
Wu Jian
Xom
The Shining One
Lugonu

Shops:
D:6 [   D:9 =   Orc:1 *   Orc:2 [!=*(

Portals:
Abyss: Lair:5
Pandemonium: Orc:2

Annotations:
D:15 CASA, 3 runed translucent doors, bogdani's ghost, journeyman HOBe
Elf:2 3 runed translucent doors


Innate Abilities, Weirdness & Mutations

You have a pair of horns on your head.
You reflexively headbutt those who attack you in melee.


Message History

You furiously retaliate!
You headbutt the cyan very ugly thing, but do no damage.
You hit the cyan very ugly thing.
Your headbutt misses the cyan very ugly thing.
The cyan very ugly thing is heavily wounded.
The glowing orange brain pulsates.
The glowing orange brain radiates an aura of fear!
You resist with almost no effort.
Unknown command.
You slash the cyan very ugly thing! You headbutt the cyan very ugly thing.
The cyan very ugly thing is severely wounded.
The deep elf zephyrmancer casts a spell.
The deep elf zephyrmancer blinks!
You block the cyan very ugly thing's attack.
Unknown command.
You hit the cyan very ugly thing but do no damage.
The cyan very ugly thing is severely wounded.
The glowing orange brain blinks!
The cyan very ugly thing completely misses you.
You furiously retaliate!
You headbutt the cyan very ugly thing.
The deep elf zephyrmancer casts a spell.
The deep elf zephyrmancer blinks!
You hit the cyan very ugly thing.
The cyan very ugly thing is severely wounded.
The deep elf zephyrmancer casts a spell.
The deep elf zephyrmancer blinks!
The cyan very ugly thing headbutts you.
* * * LOW HITPOINT WARNING * * *
The cyan very ugly thing shocks you!!
* * * LOW HITPOINT WARNING * * *
You closely miss the cyan very ugly thing.
You headbutt the cyan very ugly thing!
The cyan very ugly thing is almost dead.
Unknown command.
You hit the cyan very ugly thing.
The cyan very ugly thing is almost dead.
The deep elf zephyrmancer mumbles some strange words.
The deep elf zephyrmancer blinks!
The cyan very ugly thing headbutts you!
* * * LOW HITPOINT WARNING * * *
The cyan very ugly thing shocks you!!
You die...

.)## #...#!..#.....### ####'#
.#[## #.#/..#.#...#### #.#
###.## #..!..!!######.### #.#
##.#####'''######...>.### #.#
##)##.......##.........# #.#
######.......e..#.........# #.#
....'.......'§.e'.........# #.#
#####.......##eu#######+..# #.#
##.......####@......##.# #.#
##'#.....## #.........#######'#
##.###...#'###..#####..####.....
##.##
#+#.####...#...#...##...).. #+##
#.#.###..[##...##...##..(.. .##
#.#..'....#..⌠..#....'..... ..#
#.####.##[#.....#..#.#..... ..#
#.# #[#..##...##.##.#).... ..#
###'####))).)##.##.....#.....


You could see a cyan very ugly thing, a deep elf archer (summoned, repels
missiles) and 2 deep elf zephyrmancers.

Vanquished Creatures
  Saint Roka (Orc:2)
  Jorgrun (D:15)
  3 tentacled monstrosities (Elf:1)
  5 deep elf blademasters
  4 deep elf master archers (Elf:3)
  An azure jelly (IceCv)
  Louise (Elf:1)
  3 deep elf sorcerers
  2 deep elf elementalists
  The ghost of matti1234 the Unseen, an adept KoEn of Elyvilon (Orc:1)
  3 quicksilver oozes (IceCv)
  4 very ugly things (Elf:1)
  The ghost of manix the Convoker, a journeyman TeSu of Hepliaklqana (D:12)
  A deep elf demonologist (Elf:3)
  Azrael (D:13)
  5 deep elf annihilators (Elf:3)
  A minotaur (Gauntlet)
  8 deep elf death magi
  3 fire dragons
  An ettin (Orc:1)
  The ghost of pand1024 the Spear-Bearer, a journeyman MiBe of Trog (D:11)
  2 deep elf high priests (Elf:3)
  6 hydras
  5 boulder beetles
  A catoblepas (D:12)
  Erica (Lair:2)
  2 centaur warriors (D:14)
  3 demonspawn (Orc:2)
  An ogre mage (D:15)
  7 dancing weapons
  14 two-headed ogres
  Urug (Orc:1)
  10 deep elf knights
  Sonja (Lair:4)
  3 orc high priests (Orc:2)
  3 thrashing horrors (Lair:5)
  4 large abominations
  5 skeletal warriors (D:15)
  Lodul (D:11)
  2 glowing orange brains (D:15)
  9 deep elf archers
  3 wizards
  26 deep elf pyromancers
  26 deep elf zephyrmancers
  2 wolf spider zombies (D:12)
  7 orc knights
  5 oklob plants
  15 ugly things
  11 orc sorcerers
  A cyclops (D:15)
  A faun (shapeshifter) (D:15)
  4 manticores
  3 moths of wrath
  A water nymph (shapeshifter) (D:15)
  4 centaur zombies (D:12)
  A guardian serpent (shapeshifter) (Lair:5)
  An apocalypse crab (Gauntlet)
  3 elephants (Lair:4)
  2 ice statues
  5 black mambas
  A smoke demon (Lair:5)
  A torpor snail (Lair:4)
  13 cane toads
  A gargoyle (D:12)
  A kobold demonologist (D:11)
  2 efreet (D:15)
  A rime drake (Lair:5)
  3 unseen horrors
  2 freezing wraiths
  6 komodo dragons
  2 komodo dragons (shapeshifter)
  2 ancient zymes (Lair:5)
  A red devil (Orc:2)
  2 hornets
  2 polar bears
  8 trolls
  Grinder (D:6)
  13 slime creatures
  21 blink frogs
  A dream sheep (shapeshifter) (D:15)
  6 dream sheep (Lair:5)
  A spriggan (Lair:5)
  4 ynoxinuls
  6 shadows
  4 wraiths
  4 water elementals
  14 small abominations
  3 vampires
  8 wyverns
  3 air elementals
  40 yaks
  3 steam dragons
  2 chaos spawn
  2 fire elementals
  7 basilisks
  A neqoxec (Orc:2)
  A warg (D:11)
  3 acid dragons
  4 hell hounds (D:13)
  12 water moccasins
  31 orc warriors
  6 great orb of eyes simulacra (IceCv)
  2 sky beasts
  A black bear (D:5)
  15 ogres
  2 ice beasts
  17 wolves
  7 centaurs
  A phantom (D:7)
  A slime creature simulacrum (IceCv)
  2 kobold brigands
  A necrophage (D:6)
  15 bullfrogs
  10 gnoll sergeants
  2 earth elementals (Elf:3)
  4 glowing shapeshifter simulacra (IceCv)
  9 scorpions
  12 wights
  9 killer bees (D:8)
  5 howler monkeys
  An electric eel (D:13)
  4 jellies
  22 orc priests
  7 hounds
  7 gnoll boudas (Bailey)
  6 iguanas
  16 orc wizards
  12 hell rats
  A shapeshifter simulacrum (IceCv)
  Robin (D:2)
  14 gnolls
  2 adders
  2 river rats (D:12)
  A white imp (D:6)
  An ufetubus (D:5)
  4 worms
  3 dart slugs
  80 orcs
  7 endoplasms
  2 giant cockroaches (Lair:2)
  16 goblins
  4 hobgoblins
  4 jackals (D:1)
  21 kobolds
  7 quokkas
  7 ball pythons
  4 bats
  5 frilled lizards
  2 rats (D:1)
  A butterfly (Lair:5)
881 creatures vanquished.

Vanquished Creatures (others)
  A very ugly thing (Elf:1)
  2 deep elf pyromancers
  2 orcs
  A demonic plant (Gauntlet)
  53 fungi
  49 plants
  2 withered plants (D:12)
110 creatures vanquished.

Grand Total: 991 creatures vanquished

Notes
Turn   | Place    | Note
-------+----------+-------------------------------------------
     0 | D:1      | Peloso the Minotaur Fighter began the quest for the Orb.
     0 | D:1      | Reached XP level 1. HP: 19/19 MP: 0/0
   269 | D:1      | Reached XP level 2. HP: 26/27 MP: 1/1
   572 | D:1      | Reached XP level 3. HP: 25/33 MP: 2/2
   896 | D:2      | Noticed Robin
   906 | D:2      | Reached skill level 3 in Long Blades
   925 | D:2      | Killed Robin
  1265 | D:2      | Reached XP level 4. HP: 37/40 MP: 3/3
  1647 | D:2      | Reached skill level 4 in Long Blades
  2363 | D:3      | Reached XP level 5. HP: 45/47 MP: 4/4
  2937 | D:4      | Reached skill level 5 in Long Blades
  3038 | D:4      | Found a sacrificial altar of Ru.
  3086 | D:4      | Found a broken altar of Ashenzari.
  3172 | D:4      | Reached skill level 5 in Armour
  3185 | D:4      | Reached XP level 6. HP: 46/53 MP: 5/5
  3298 | D:4      | Found a burning altar of Makhleb.
  3906 | D:4      | Reached skill level 5 in Fighting
  4059 | D:5      | Entered Level 5 of the Dungeon
  4124 | D:5      | Reached skill level 6 in Long Blades
  4142 | D:5      | Reached skill level 1 in Dodging
  4199 | D:5      | Reached XP level 7. HP: 60/61 MP: 6/6
  4326 | D:5      | Reached skill level 1 in Throwing
  4424 | D:5      | Reached skill level 7 in Long Blades
  5079 | D:6      | Noticed Grinder
  5088 | D:6      | Paralysed by Grinder for 4 turns
  5093 | D:6      | Killed Grinder
  5094 | D:6      | Reached skill level 5 in Shields
  5094 | D:6      | Reached XP level 8. HP: 61/69 MP: 7/7
  5444 | D:6      | Found Rammij's Armour Emporium.
  5472 | D:6      | Reached skill level 8 in Long Blades
  5500 | D:6      | Identified a scroll of acquirement
  6368 | D:7      | Reached XP level 9. HP: 77/77 MP: 8/8
  6498 | D:7      | Reached skill level 9 in Long Blades
  6920 | D:7      | Found a staircase to the Ecumenical Temple.
  7128 | D:7      | Reached skill level 1 in Stealth
  7670 | D:8      | Reached skill level 10 in Long Blades
  7674 | D:8      | Found a flagged portal.
  7828 | Bailey   | Entered a bailey
  8991 | Bailey   | Reached XP level 10. HP: 48/86 MP: 9/9
  9654 | Bailey   | Identified the +4 helmet of the Eight of Wands {Will+}
  9656 | Bailey   | Got the Parchment of Gritty Leadership
  9694 | Bailey   | Identified the -1 hat of Itytefi {Stlth+}
  9793 | D:8      | Noticed a manticore
  9803 | D:8      | Killed a manticore
  9804 | D:8      | Reached skill level 10 in Armour
 10380 | D:8      | Found a hazy altar of Hepliaklqana.
 10432 | D:8      | Found an ornate altar of the Wu Jian Council.
 10664 | Temple   | Entered the Ecumenical Temple
 10706 | Temple   | Became a worshipper of Warmaster Okawaru
 10787 | D:9      | Reached skill level 11 in Long Blades
 10825 | D:9      | Found Ykhlorch's Jewellery Boutique.
 10932 | D:9      | Found a sparkling altar of Nemelex Xobeh.
 10948 | D:9      | Noticed a boulder beetle
 10963 | D:9      | Killed a boulder beetle
 11037 | D:9      | Reached * piety under Okawaru
 11559 | D:9      | Acquired 1072 gold pieces
 11565 | D:9      | Bought the ring of Xom's Full Attention {rPois MP+9 Dex+2
                  | Slay+3 Stlth+} for 851 gold pieces
 11634 | D:10     | Entered Level 10 of the Dungeon
 11843 | D:10     | Reached ** piety under Okawaru
 12006 | D:10     | Reached skill level 12 in Long Blades
 12006 | D:10     | Reached XP level 11. HP: 88/97 MP: 10/10
 12425 | D:6      | Bought a scarf of resistance for 416 gold pieces
 12744 | D:11     | Noticed a two-headed ogre
 12755 | D:11     | Killed a two-headed ogre
 12900 | D:11     | Found a transporter.
 12900 | D:11     | Found a transporter.
 12900 | D:11     | Noticed a two-headed ogre
 12900 | D:11     | Noticed pand1024's ghost (journeyman MiBe)
 12901 | D:11     | Noticed a two-headed ogre
 12902 | D:11     | Noticed a two-headed ogre
 12906 | D:11     | Identified the +7 great mace of Imminent Death {vorpal,
                  | Str+2 Int-2 Dex+2 Stlth+}
 12906 | D:11     | Noticed a two-headed ogre
 13035 | D:11     | Found a staircase to the Orcish Mines.
 13218 | D:11     | Reached *** piety under Okawaru
 13274 | D:11     | Noticed an oklob plant
 13274 | D:11     | Noticed an oklob plant
 13276 | D:11     | Found a staircase to the Lair.
 13551 | D:12     | Noticed Lodul
 13599 | D:11     | Killed Lodul
 13613 | D:12     | Reached skill level 13 in Long Blades
 13628 | D:12     | Reached **** piety under Okawaru
 13637 | D:12     | Noticed a four-headed hydra
 13637 | D:12     | Noticed manix's ghost (journeyman TeSu)
 13639 | D:12     | Noticed a catoblepas
 13905 | D:12     | Noticed a deep elf pyromancer
 13908 | D:12     | Noticed a boulder beetle
 13928 | D:12     | Killed a boulder beetle
 13932 | D:12     | Killed a deep elf pyromancer
 13933 | D:12     | Reached skill level 10 in Fighting
 14096 | D:12     | Noticed a boulder beetle
 14098 | D:12     | Noticed a two-headed ogre
 14220 | D:12     | Noticed a two-headed ogre
 14232 | D:11     | Killed a two-headed ogre
 14232 | D:11     | Received a gift from Okawaru
 14234 | D:11     | Killed a boulder beetle
 14402 | D:12     | Killed a two-headed ogre
 14715 | D:12     | Received a gift from Okawaru
 14733 | D:12     | Reached ***** piety under Okawaru
 15009 | D:12     | Noticed an eight-headed hydra
 15112 | Orc:1    | Entered Level 1 of the Orcish Mines
 15118 | Orc:1    | Noticed Urug
 15122 | Orc:1    | Noticed an orc sorcerer
 15122 | Orc:1    | You fall into a shaft and drop 1 floor!
 15122 | Orc:2    | Entered Level 2 of the Orcish Mines
 15122 | Orc:2    | Noticed an orc knight
 15135 | Orc:2    | Found Kenackuss's Antique Armour Boutique.
 15169 | Orc:1    | Reached XP level 12. HP: 32/99 MP: 11/11
 15181 | Orc:1    | Noticed an ettin
 15182 | Orc:1    | Noticed matti1234's ghost (adept KoEn)
 15205 | Orc:1    | HP: 3/100 [orc warrior/bolt (8)]
 15238 | Orc:1    | Found Puiwkemo's Assorted Antiques.
 15291 | Orc:1    | Reached skill level 1 in Invocations
 15295 | Orc:1    | Found a frozen archway.
 15299 | IceCv    | Entered an ice cave
 16080 | IceCv    | Noticed a quicksilver ooze
 16094 | IceCv    | Killed a quicksilver ooze
 16095 | IceCv    | Reached skill level 14 in Long Blades
 16381 | IceCv    | Noticed a quicksilver ooze
 16390 | IceCv    | Killed a quicksilver ooze
 16390 | IceCv    | Identified the +7 hand axe of Broken Luck {flame, rElec
                  | Int+6} (Okawaru gifted it to you in an ice cave)
 16390 | IceCv    | Received a gift from Okawaru
 17413 | IceCv    | Found a viscous altar of Jiyva.
 17413 | IceCv    | Noticed an azure jelly
 17430 | IceCv    | Killed an azure jelly
 17466 | IceCv    | Noticed a quicksilver ooze
 17480 | IceCv    | Killed a quicksilver ooze
 17768 | IceCv    | Identified the +1 hat "Kumm" {rC+ Str-5 Dex+5}
 17876 | Orc:1    | Killed Urug
 18200 | Orc:1    | Found a bloodstained altar of Trog.
 18237 | Orc:1    | Reached skill level 15 in Long Blades
 18274 | Orc:1    | Found a transporter.
 18277 | Orc:1    | Found a transporter.
 19286 | Lair:1   | Entered Level 1 of the Lair of Beasts
 19295 | Lair:1   | Reached skill level 10 in Shields
 19575 | Lair:1   | Found an opulent altar of Gozag.
 19686 | Lair:1   | Received a gift from Okawaru
 20065 | Lair:1   | Reached XP level 13. HP: 118/118 MP: 13/13
 20620 | Lair:2   | Noticed Erica
 20672 | Lair:2   | Killed Erica
 20716 | Lair:2   | Found a staircase to the Swamp.
 20731 | Lair:2   | Found a gate leading to a gauntlet.
 20825 | Gauntlet | Entered a Gauntlet
 20825 | Gauntlet | Found a transporter.
 20825 | Gauntlet | Found a transporter.
 20846 | Gauntlet | Found a transporter.
 20848 | Gauntlet | Found a transporter.
 20863 | Gauntlet | Found a transporter.
 20867 | Gauntlet | Found a transporter.
 20869 | Gauntlet | Found a large runed translucent door.
 20870 | Gauntlet | Found a large runed translucent door.
 20871 | Gauntlet | Found a large runed translucent door.
 20871 | Gauntlet | Found a large runed translucent door.
 20871 | Gauntlet | Found a runed translucent door.
 20871 | Gauntlet | Found a runed translucent door.
 20872 | Gauntlet | Found a large runed translucent door.
 20872 | Gauntlet | Found a large runed translucent door.
 20872 | Gauntlet | Found a large runed translucent door.
 20872 | Gauntlet | Found a large runed translucent door.
 20873 | Gauntlet | Found a large runed translucent door.
 20874 | Gauntlet | Found a large runed translucent door.
 20875 | Gauntlet | Found a large runed translucent door.
 20875 | Gauntlet | Found a large runed translucent door.
 20876 | Gauntlet | Found a large runed translucent door.
 20876 | Gauntlet | Found a large runed translucent door.
 20876 | Gauntlet | Found a large runed translucent door.
 20876 | Gauntlet | Found a large runed translucent door.
 20880 | Gauntlet | Found a runed translucent gate.
 20880 | Gauntlet | Found a runed translucent gate.
 20880 | Gauntlet | Found a runed translucent gate.
 20882 | Gauntlet | Found a transporter.
 20903 | Gauntlet | Found a transporter.
 20921 | Gauntlet | Found a transporter.
 20921 | Gauntlet | Found a transporter.
 20925 | Gauntlet | Found a transporter.
 20935 | Gauntlet | Found a transporter.
 21234 | Gauntlet | Received a gift from Okawaru
 21255 | Gauntlet | Identified the ring "Kuigacs" {Will+ Str+4 Int+2}
 21652 | Gauntlet | Noticed a minotaur
 21661 | Gauntlet | Killed a minotaur
 21662 | Gauntlet | Identified the +1 robe of Feasting {rPois rC+ Str+4 Dex-4}
 22303 | Lair:2   | Found a hole to the Spider Nest.
 22579 | Lair:3   | Reached skill level 16 in Long Blades
 22866 | Lair:3   | Reached skill level 15 in Armour
 24158 | Lair:4   | Noticed Sonja
 24163 | Lair:4   | Killed Sonja
 24163 | Lair:4   | Reached ****** piety under Okawaru
 24892 | Lair:4   | Found a staircase to the Slime Pits.
 25292 | Lair:4   | Received a gift from Okawaru
 25624 | D:11     | Reached XP level 14. HP: 115/130 MP: 14/14
 26391 | Orc:2    | Found a staircase to the Elven Halls.
 26427 | Orc:2    | Noticed Saint Roka
 27014 | Orc:2    | Killed Saint Roka
 27206 | Orc:2    | Found Exemen's General Store.
 27238 | Orc:2    | Reached skill level 17 in Long Blades
 27505 | Orc:2    | Found Suciawky's Distillery.
 28819 | Orc:2    | Paralysed by an orc sorcerer for 3 turns
 29243 | Orc:2    | Found Calilosh's Jewellery Shoppe.
 29243 | Orc:2    | Found Ziracve's Antique Weapon Emporium.
 29244 | Orc:2    | Found a one-way gate leading to the halls of Pandemonium.
 29482 | D:11     | Killed pand1024's ghost
 29497 | D:11     | Received a gift from Okawaru
 29790 | Lair:5   | Entered Level 5 of the Lair of Beasts
 29871 | Lair:5   | Reached skill level 15 in Fighting
 30328 | Lair:5   | Received a gift from Okawaru
 30721 | Lair:5   | Found a corrupted altar of Lugonu.
 30721 | Lair:5   | Found a one-way gate to the infinite horrors of the Abyss.
 30731 | Lair:5   | Identified the ring "Yrchoahyu" {Ice rPois Will+ Str+2
                  | Int+3}
 30799 | Lair:5   | Reached XP level 15. HP: 132/141 MP: 15/15
 30857 | Lair:5   | Received a gift from Okawaru
 31428 | Lair:5   | Reached skill level 18 in Long Blades
 32012 | D:12     | Found a transporter.
 32019 | D:12     | Found a transporter.
 32345 | D:13     | Noticed Azrael
 32361 | D:13     | Killed Azrael
 32370 | D:13     | Received a gift from Okawaru
 33145 | D:13     | Identified the +5 plate armour of Vaongaq {rF- Str+3 SInv}
                  | (Okawaru gifted it to you on level 13 of the Dungeon)
 33145 | D:13     | Received a gift from Okawaru
 34259 | D:14     | Found a stormy altar of Qazlal.
 34689 | D:14     | Found a gate to the Vaults.
 34893 | D:15     | Entered Level 15 of the Dungeon
 35059 | D:15     | Found a runed translucent gate.
 35060 | D:15     | Found a runed translucent gate.
 35060 | D:15     | Found a runed translucent gate.
 35298 | D:15     | Noticed Jorgrun
 35321 | D:15     | Found a radiant altar of Vehumet.
 36182 | D:15     | Killed Jorgrun
 36733 | D:15     | Received a gift from Okawaru
 36733 | D:15     | Found the +2 shield of Resistance {rF++ rC++ Will++}
 36760 | D:15     | Found a staircase to the Depths.
 36995 | D:15     | Reached XP level 16. HP: 146/154 MP: 17/17
 38207 | Orc:1    | HP: 7/154 [poisoned by matti1234's ghost]
 38974 | Orc:1    | Killed matti1234's ghost
 39297 | D:12     | HP: 1/155 [catoblepas (20)]
 39298 | D:12     | Reached skill level 15 in Shields
 40070 | D:12     | Killed manix's ghost
 40146 | D:12     | Identified the amulet "Loegafut" {Acrobat SInv}
 40329 | D:15     | Paralysed by a floating eye for 2 turns
 40487 | D:15     | Found a runed translucent gate.
 40487 | D:15     | Found a runed translucent gate.
 40492 | D:15     | Noticed bogdani's ghost (journeyman HOBe)
 40495 | D:15     | Found a runed translucent gate.
 40504 | D:15     | Found the +3 Mad Mage's Maulers {Infuse+∞ RegenMP Int-3}
 40706 | Elf:1    | Entered Level 1 of the Elven Halls
 40986 | Elf:1    | Found a runed translucent gate.
 40986 | Elf:1    | Found a runed translucent gate.
 40986 | Elf:1    | Found a runed translucent gate.
 40986 | Elf:1    | Noticed a tentacled monstrosity
 40987 | Elf:1    | Noticed a tentacled monstrosity
 40987 | Elf:1    | Noticed a tentacled monstrosity
 41022 | Elf:1    | Reached skill level 19 in Long Blades
 41036 | Elf:1    | Noticed Louise
 41069 | Elf:1    | Killed Louise
 41093 | Elf:1    | Killed the ghostly Louise
 41521 | Elf:1    | Received a gift from Okawaru
 41892 | Elf:1    | Paralysed by an air elemental for 1 turns
 42028 | Elf:1    | Paralysed by an air elemental for 1 turns
 42030 | Elf:1    | Paralysed by an air elemental for 1 turns
 42032 | Elf:1    | Paralysed by an air elemental for 1 turns
 42125 | Elf:1    | Received a gift from Okawaru
 42381 | Elf:2    | Received a gift from Okawaru
 42986 | Elf:2    | Found a runed translucent gate.
 42986 | Elf:2    | Found a runed translucent gate.
 42988 | Elf:2    | Found a runed translucent gate.
 43142 | Elf:3    | Entered Level 3 of the Elven Halls
 43718 | Elf:3    | Identified the +1 swamp dragon scales of Recklessness
                  | {rPois Str+2} (Okawaru gifted it to you on level 3 of the
                  | Elven Halls)
 43718 | Elf:3    | Received a gift from Okawaru
 43917 | Elf:3    | HP: 5/151 [deep elf zephyrmancer/bolt of lightning (6)]
 44603 | Elf:3    | Reached XP level 17. HP: 131/163 MP: 18/18
 44926 | Elf:3    | Noticed a deep elf blademaster
 44947 | Elf:3    | Killed a deep elf blademaster
 45018 | Elf:3    | Noticed a deep elf blademaster
 45047 | Elf:3    | Killed a deep elf blademaster
 45203 | Elf:3    | Identified the ring of Foolhardiness {Contam rElec rPois
                  | rN+ Dex+3}
 45541 | Elf:3    | Noticed a deep elf blademaster
 45543 | Elf:3    | Noticed a deep elf master archer
 45543 | Elf:3    | Noticed a deep elf master archer
 45575 | Elf:2    | Killed a deep elf blademaster
 45860 | Elf:3    | Killed a deep elf master archer
 46266 | Elf:3    | Killed a deep elf master archer
 46284 | Elf:3    | Noticed a deep elf master archer
 46308 | Elf:3    | Killed a deep elf master archer
 46590 | Elf:3    | Noticed a deep elf blademaster
 46614 | Elf:2    | Killed a deep elf blademaster
 47945 | Elf:3    | Noticed a Brimstone Fiend
 48339 | Elf:3    | Noticed a deep elf blademaster
 48340 | Elf:3    | Noticed a deep elf master archer
 48349 | Elf:3    | Killed a deep elf blademaster
 48357 | Elf:3    | Killed a deep elf master archer
 48388 | Elf:3    | Identified the ring "Xulaynuwk" {Fly Dex+3}
 48390 | Elf:3    | Identified the ring "Uciticvu" {rF+ rC+ AC+4 Dex-4}
 48394 | Elf:3    | Got the Spellbook of the Impact
 48410 | Elf:3    | Identified the +6 arbalest "Woizas" {penet, rPois Int+3}
 49001 | Elf:1    | Identified the +4 tower shield "Eshoxt" {rElec rPois Will+}
                  | (Okawaru gifted it to you on level 1 of the Elven Halls)
 49001 | Elf:1    | Received a gift from Okawaru
 49258 | Elf:3    | Got the Handbook of the Arenous Figure
 49543 | Elf:1    | Killed a tentacled monstrosity
 49549 | Elf:1    | Killed a tentacled monstrosity
 49565 | Elf:1    | Reached skill level 20 in Long Blades
 49574 | Elf:1    | Killed a tentacled monstrosity
 49575 | Elf:1    | Paralysed by an air elemental for 1 turns
 49580 | Elf:1    | Paralysed by an air elemental for 1 turns
 49590 | Elf:1    | Paralysed by an air elemental for 1 turns
 49602 | Elf:1    | Slain by a cyan very ugly thing

Illustrated notes

Levels and vault maps discovered:
D:1:      wander_arrival_chamber, layout_rooms, amethyst_killhole,
          minmay_misc_feat_ornament
D:2:      layout_loops_corners, uniq_robin
D:3:      layout_rooms
D:4:      layout_loops_corners, mainiacjoe_overflow_alcove_2,
          mainiacjoe_overflow_brackets, lemuel_crystal_altar, st_stairs_4
D:5:      layout_cave_pods
D:6:      layout_rooms, serial_shops,
          nicolae_shop_temple_entry_statues_fountains, uniq_grinder
D:7:      layout_cave_pods, minmay_temple_entry_from_below_a
D:8:      layout_basic, mainiacjoe_overflow_two_lobes, enter_bailey_2
D:9:      layout_basic, mainiacjoe_overflow_alcove_4, serial_rivers,
          chequers_serial_rivers_marsh, chequers_serial_rivers_micro_a,
          chequers_serial_rivers_room_b, chequers_serial_rivers_micro_b,
          chequers_serial_rivers_micro_e, chequers_serial_rivers_micro_d,
          serial_shops, nicolae_shop_window_shopping,
          chequers_serial_rivers_micro_e
D:10:     layout_loops_ring
D:11:     layout_roguey, dpeg_oklobed_lair, david_orc_1_choice,
          gammafunk_ghost_smash, minivault_15
D:12:     layout_rooms, gammafunk_ghost_berserking_beasts, serial_undead,
          serial_undead_b, serial_undead_d, serial_undead_d, serial_undead_f,
          pond, uniq_lodul
D:13:     layout_basic, uniq_azrael
D:14:     layout_cave_pools, david_vaults_1, nicolae_qazlal_style_of_elements
D:15:     grunt_enter_depths_hoard, layout_stronghold,
          ploomutoo_gammafunk_ghost_potion_laboratory, nicolae_vehumet_radiance,
          lemuel_flamethrower_hall, uniq_jorgrun
Temple:   nicolae_temple_superstar
Lair:1:   layout_layer_cave, basic_altar, grunt_megastairs_1
Lair:2:   layout_regular_city, swamp_mist_pool,
          nicolae_spider_entry_non_spiders, gauntlet_entry_generic, uniq_erica
Lair:3:   layout_cave_pods, grunt_forest_stairs_basic,
          cheibrodos_lair_reptile_den
Lair:4:   layout_loops_ring, minmay_slime_entry_oklob_open, grunt_megastairs_5,
          serial_bayou_shore_a, lemuel_fruit_fields, uniq_sonja
Lair:5:   hellmonk_lair_end_abyssal_woods, layout_misc_corridors,
          lemuel_fruit_fields, grunt_megastairs_4
Orc:1:    layout_caves, gammafunk_ghost_wrathful_warriors,
          portal_ice_cave_entry_pillars_2, serial_shops,
          nicolae_shop_overgrown_old_shop, uniq_urug
Orc:2:    pf_orc_diabolical, layout_caves, serial_shops,
          nicolae_shop_hallway_plus, uniq_saint_roka
Elf:1:    layout_geoelf_octagon, ploomutoo_gammafunk_ghost_potion_laboratory,
          minmay_elf_crystal_heptagon, uniq_louise
Elf:2:    nicolae_elf_blades_splatter_lattice [grunt_blade_entry_basic],
          layout_gridlike, columned_hall_lemuel
Elf:3:    minmay_elf_hall, layout_loops_corners, grunt_ministairs_2

Skill      XL: |  1  2  3  4  5  6  7  8  9 10 11 12 13 14 15 16 17 |
---------------+----------------------------------------------------+-----
Armour         | 4 5 6 7 9 10 12 14 15 16 18 19 | 19.5
Shields        | 4 5 7 8 9 10 11 13 14 16 18 | 18.2
Fighting       | 4 5 6 7 9 10 12 13 15 16 18 | 18.8
Long Blades    | 3 4 5 6 7 8 10 12 13 15 16 17 18 19 20 | 20.0
Dodging        | 1 2 3 |  3.5
Throwing       | 2 3 4 |  4.5
Stealth        | 1 2 |  2.8
Invocations    | 2 3 |  3.5
Axes           | |  0.6
Evocations     | |  0.8

Action                   |  1- 3 |  4- 6 |  7- 9 | 10-12 | 13-15 | 16-18 || total
-------------------------+-------+-------+-------+-------+-------+-------++-------
Melee: Long sword        |    99 |   121 |   165 |       |       |       ||   385
       Headbutt          |    11 |     9 |    70 |   175 |   321 |   189 ||   775
       Scimitar          |       |       |   201 |   589 |    20 |     4 ||   814
       Double sword      |       |       |       |    26 |  1205 |   716 ||  1947
       Hand axe          |       |       |       |       |     8 |       ||     8
Throw: Boomerang         |       |    20 |    35 |       |       |       ||    55
       Throwing net      |       |       |     5 |     2 |       |       ||     7
Invok: Heroism           |       |       |       |    12 |    14 |    18 ||    44
Evoke: Wand              |       |       |     2 |     3 |     3 |     5 ||    13
  Use: Scroll            |     1 |     1 |    14 |    14 |     9 |     7 ||    46
       Potion            |       |       |     6 |     3 |     1 |     7 ||    17
 Stab: Held in net/web   |       |       |     2 |     2 |       |       ||     4
Armor: Scale mail        |    71 |    39 |    71 |       |       |       ||   181
       Chain mail        |       |       |   106 |     1 |       |       ||   107
       Crystal plate arm |       |       |       |   403 |   945 |     3 ||  1351
       Plate armour      |       |       |       |       |       |   387 ||   387
Dodge: Dodged            |    67 |    59 |   158 |   142 |   378 |   171 ||   975
Block: Buckler           |    22 |    23 |   173 |   218 |   599 |       ||  1035
       Kite shield       |       |       |       |       |     8 |   597 ||   605
       Reflection        |       |       |       |       |       |    73 ||    73
